 Dungeon Crawl Stone Soup version 0.24-a0-618-ge4662a2d14 (webtiles) character file.

Game seed: 5773305808411904739, levelgen mode: deterministic

7127 MordorOrchid the Spear-Bearer (level 11, -6/87 HPs)
             Began as a Gnoll Chaos Knight on Sept 15, 2019.
             Was a Plaything of Xom.
             Mangled by a komodo dragon (16 damage)
             ... on level 1 of the Lair of Beasts.
             The game lasted 00:56:13 (6801 turns).

MordorOrchid the Spear-Bearer (Gnoll Chaos Knight)  Turns: 6801, Time: 00:56:14

Health: -6/87      AC:  9    Str: 15    XL:     11   Next: 10%
Magic:  28/28      EV: 12    Int: 18    God:    Xom [..*...]
Gold:   367        SH: 10    Dex: 14    Spells: 16/21 levels left

rFire    . . .     SeeInvis .   p - +2 spear (freeze)
rCold    . . .     Gourm    .   m - +0 shield
rNeg     . . .     Faith    .   t - +0 ring mail {rPois}
rPois    +         Spirit   .   (no helmet)
rElec    +         Reflect  .   M - +0 cloak {+Inv}
rCorr    .         Harm     .   v - +0 pair of gloves
MR       +....                  (no boots)
Stlth    ++........             (no amulet)
HPRegen  0.24/turn              B - ring of magical power
MPRegen  0.21/turn              (no ring)

@: cleaving
A: distributed training, claws 1, fangs 1, hooves 1, magic resistance 1,
electricity resistance, strong nose
a: Renounce Religion, Evoke Invisibility


You were on level 1 of the Lair of Beasts.
You worshipped Xom.
You were a toy of Xom.
You were hungry.

You visited 2 branches of the dungeon, and saw 9 of its levels.

You collected 455 gold pieces.
You spent 88 gold pieces at shops.

Inventory:

Hand Weapons
 a - a +2 spear of chaos
 h - a +2 flail of draining
 o - a +0 flail of holy wrath
 p - a +2 spear of freezing (weapon)
 q - a +2 war axe
 x - a +3 falchion
 y - a +3 short sword of flaming
 z - a +2 whip of flaming
Missiles
 d - 9 poisoned darts (quivered)
 e - 68 bolts
 g - 91 stones
 l - 7 boomerangs
 A - 48 sling bullets
Armour
 b - a +3 leather armour of fire resistance
 m - a +0 shield (worn)
 r - a +1 chain mail of fire resistance
 t - a +0 ring mail of poison resistance (worn)
 v - a +0 pair of gloves (worn)
 M - a +0 cloak of invisibility (worn)
Magical Staves
 J - an uncursed staff of air
Jewellery
 B - a ring of magical power (left hand)
Wands
 E - a wand of random effects (2)
 F - a wand of acid (6)
Scrolls
 f - 2 scrolls of immolation
 k - 4 scrolls of magic mapping
 n - a scroll of teleportation
 s - a scroll of amnesia
 D - 2 scrolls of holy word
 I - 3 scrolls of identify
 K - 2 scrolls of fear
 L - a scroll of remove curse
 N - 2 scrolls of silence
Potions
 i - a potion of haste
 j - a potion of resistance
 w - 2 potions of ambrosia
 C - a potion of agility
 G - a potion of lignification
 O - a potion of curing
Comestibles
 c - 18 rations
 H - 8 chunks of flesh


   Skills:
 + Level 8.9 Fighting
 + Level 5.8 Short Blades
 + Level 5.8 Long Blades
 + Level 5.8 Axes
 + Level 5.8 Maces & Flails
 + Level 8.9 Polearms
 + Level 5.8 Staves
 + Level 5.8 Slings
 + Level 5.8 Bows
 + Level 5.8 Crossbows
 + Level 5.8 Throwing
 + Level 7.5 Armour
 + Level 6.4 Dodging
 + Level 5.8 Stealth
 + Level 5.8 Shields
 + Level 5.8 Unarmed Combat
 + Level 5.8 Spellcasting
 + Level 4.8 Conjurations
 + Level 4.8 Hexes
 + Level 4.8 Charms
 + Level 4.8 Summonings
 + Level 4.8 Necromancy
 + Level 4.8 Translocations
 + Level 4.8 Transmutations
 + Level 4.8 Fire Magic
 + Level 4.8 Ice Magic
 + Level 4.8 Air Magic
 + Level 4.8 Earth Magic
 + Level 4.8 Poison Magic
 + Level 6.4 Invocations
 + Level 5.8 Evocations


You had 16 spell levels left.
You knew the following spells:

 Your Spells              Type           Power        Failure   Level  Hunger
a - Freeze                Ice            ###.         10%         1    None
s - Summon Butterflies    Summ           ###.....     10%         1    None
u - Animate Skeleton      Necr           N/A          10%         1    None
z - Apportation           Tloc           ###...       10%         1    None
A - Confusing Touch       Hex            ###...       10%         1    None

Your spell library contained the following spells:

 Spells                   Type           Power        Failure   Level  Hunger
 Summon Small Mammal      Summ           ###.         10%         1    None
 Throw Frost              Conj/Ice       ###...       14%         2    None
 Shadow Creatures         Summ           N/A          100%        6    #######


Dungeon Overview and Level Annotations

Branches:
Dungeon (8/15)             Temple (0/1) D:7            Lair (1/6) D:8

Altars:
Qazlal
Wu Jian
Xom

Shops:
D:7 *

Portals:
Abyss: D:1***


Innate Abilities, Weirdness & Mutations

Your experience applies equally to all skills.
You have very sharp teeth.
Your uncanny sense of smell can sniff out nearby items.
You have sharp fingernails.
You have large cloven feet.
You are resistant to hostile enchantments. (MR+)
You are resistant to electric shocks. (rElec)


Message History

You hit the komodo dragon but do no damage.
Your bite misses the komodo dragon.
The komodo dragon is lightly wounded.
The komodo dragon bites you!
* * * LOW HITPOINT WARNING * * *
You hit the komodo dragon but do no damage.
You kick the komodo dragon.
You bite the komodo dragon, but do no damage.
The komodo dragon is moderately wounded.
The komodo dragon bites you.
* * * LOW HITPOINT WARNING * * *
You hit the komodo dragon.
The komodo dragon seems to slow down.
You freeze the komodo dragon.
The komodo dragon is moderately wounded.
You hit the komodo dragon. You freeze the komodo dragon.
Your kick misses the komodo dragon.
You bite the komodo dragon, but do no damage.
The komodo dragon is heavily wounded.
The komodo dragon bites you!
You die...

......................... ..
.P.###.P#..............#####...
.............................(≈
.......#.###.####..#.##.......P
....................††........≈
........#........##.###........
...............................
......####..#P.#..##(#.........
...............<@l((..........P
.....l...####.#........#.......
......... ...........[.......≈
.......###......####.###..#...≈
......## #......# #.# #.P...≈
....... ......... ... ..... ##
........... ## ............


You could see a komodo dragon.

Vanquished Creatures
  A hydra (Lair:1)
  Pikel (D:8)
  A spiny frog (Lair:1)
  A wyvern (D:7)
  Eustachio (D:6)
  Menkaure (D:6)
  A water moccasin (Lair:1)
  3 orc warriors (D:8)
  3 porcupines (D:8)
  4 slaves (D:8)
  3 phantoms
  A sky beast (D:8)
  A black bear (D:8)
  2 ice beasts
  6 ogres
  5 centaurs
  2 crocodiles
  5 bullfrogs
  5 scorpions
  5 killer bees (D:7)
  9 wights
  2 electric eels (D:8)
  2 howler monkeys
  5 crimson imps
  A hound (D:6)
  4 jellies
  3 orc priests
  Crazy Yiuf (D:6)
  A bullfrog skeleton (D:5)
  3 centaur skeletons
  4 iguanas
  Ijyb (D:3)
  Terence (D:2)
  12 orc wizards
  Natasha (twice) (D:2)
  9 worker ants
  2 killer bee zombies
  A worker ant zombie (D:8)
  3 gnolls (D:3)
  10 adders
  2 shadow imps
  8 oozes
  An adder zombie (D:7)
  2 worms
  2 adder skeletons
  3 dart slugs
  3 leopard geckos
  42 orcs
  3 ball pythons
  5 bats
  3 giant cockroaches
  4 goblins
  7 hobgoblins
  9 jackals
  A quokka (D:6)
  5 frilled lizards
  5 kobolds
  15 rats
248 creatures vanquished.

Vanquished Creatures (collateral kills)
  An orc (D:5)
1 creature vanquished.

Vanquished Creatures (others)
  A hippogriff (D:7)
  A killer bee (D:7)
  A worker ant (D:7)
  A ball python (D:7)
  33 fungi (D:8)
  9 plants (D:8)
46 creatures vanquished.

Grand Total: 295 creatures vanquished

Notes
Turn   | Place    | Note
-------+----------+-------------------------------------------
     0 | D:1      | MordorOrchid the Gnoll Chaos Knight began the quest for the
                  | Orb.
     0 | D:1      | Reached XP level 1. HP: 23/23 MP: 1/1
   151 | D:1      | Reached XP level 2. HP: 29/29 MP: 2/2
   459 | D:2      | Noticed Natasha
   463 | D:2      | Reached XP level 3. HP: 35/35 MP: 3/3
   475 | D:2      | Killed Natasha
   475 | D:2      | Reached skill level 1 in Short Blades
   475 | D:2      | Reached skill level 1 in Long Blades
   475 | D:2      | Reached skill level 1 in Axes
   475 | D:2      | Reached skill level 1 in Maces & Flails
   475 | D:2      | Reached skill level 1 in Staves
   475 | D:2      | Reached skill level 1 in Slings
   475 | D:2      | Reached skill level 1 in Bows
   475 | D:2      | Reached skill level 1 in Crossbows
   475 | D:2      | Reached skill level 1 in Throwing
   475 | D:2      | Reached skill level 1 in Stealth
   475 | D:2      | Reached skill level 1 in Shields
   475 | D:2      | Reached skill level 1 in Unarmed Combat
   475 | D:2      | Reached skill level 1 in Spellcasting
   475 | D:2      | Reached skill level 1 in Invocations
   475 | D:2      | Reached skill level 1 in Evocations
   494 | D:2      | Reached XP level 4. HP: 26/41 MP: 5/5
   573 | D:2      | Noticed Terence
   588 | D:2      | Killed Terence
   642 | D:2      | Reached skill level 1 in Conjurations
   642 | D:2      | Reached skill level 1 in Hexes
   642 | D:2      | Reached skill level 1 in Charms
   642 | D:2      | Reached skill level 1 in Summonings
   642 | D:2      | Reached skill level 1 in Necromancy
   642 | D:2      | Reached skill level 1 in Translocations
   642 | D:2      | Reached skill level 1 in Transmutations
   642 | D:2      | Reached skill level 1 in Fire Magic
   642 | D:2      | Reached skill level 1 in Ice Magic
   642 | D:2      | Reached skill level 1 in Air Magic
   642 | D:2      | Reached skill level 1 in Earth Magic
   642 | D:2      | Reached skill level 1 in Poison Magic
   669 | D:2      | Noticed Natasha
   677 | D:2      | Killed Natasha
   677 | D:2      | Reached XP level 5. HP: 46/47 MP: 6/6
   826 | D:2      | XOM: confusion (+ monsters)
   962 | D:3      | XOM: confuse monster(s)
  1028 | D:3      | Noticed an ogre
  1029 | D:3      | Noticed Ijyb
  1053 | D:2      | Killed an ogre
  1053 | D:2      | Reached XP level 6. HP: 53/53 MP: 8/8
  1230 | D:3      | XOM: enchant monster (good)
  1256 | D:3      | Killed Ijyb
  1256 | D:3      | Reached skill level 5 in Armour
  1534 | D:4      | XOM: enchant monster (bad)
  1541 | D:4      | Noticed a phantom
  1572 | D:3      | Killed a phantom
  1572 | D:3      | Reached XP level 7. HP: 53/60 MP: 10/10
  1578 | D:3      | XOM: blink monster(s)
  1588 | D:3      | XOM: divination: detect items
  1594 | D:3      | XOM: noise
  1715 | D:5      | Entered Level 5 of the Dungeon
  1807 | D:4      | XOM: harmless Fire miscast
  1833 | D:4      | XOM: noise
  1888 | D:4      | XOM: divination: magic mapping
  2074 | D:4      | Learned a level 1 spell: Confusing Touch
  2076 | D:4      | Learned a level 1 spell: Animate Skeleton
  2078 | D:4      | Learned a level 1 spell: Apportation
  2094 | D:4      | XOM: divination: detect items
  2233 | D:5      | XOM: enchant monster (good)
  2242 | D:5      | Reached XP level 8. HP: 67/67 MP: 12/12
  2266 | D:5      | Found a stormy altar of Qazlal.
  2299 | D:5      | XOM: harmless Fire miscast
  2344 | D:4      | XOM: divination: detect creatures
  2603 | D:5      | Found an ornate altar of the Wu Jian Council.
  2644 | D:5      | XOM: smoke on damage
  2740 | D:5      | Identified Hubriasm's Collected Works on the Creative
                  | Frostbite
  2854 | D:5      | XOM: harmless Hex miscast
  2963 | D:6      | XOM: destruction
  2966 | D:6      | Noticed Eustachio
  2986 | D:6      | XOM: harmless Conj miscast
  2995 | D:6      | XOM: mild Tloc miscast
  3001 | D:6      | Killed Eustachio
  3077 | D:6      | Noticed Menkaure
  3078 | D:6      | XOM: confusion (+ monsters)
  3093 | D:6      | Killed Menkaure
  3093 | D:6      | Reached XP level 9. HP: 72/72 MP: 14/14
  3137 | D:6      | XOM: scenery: create altars
  3165 | D:5      | XOM: enchant monster (bad)
  3312 | D:6      | XOM: noise
  3462 | D:6      | XOM: 2-stop teleportation journey
  3512 | D:6      | XOM: mild Chrm miscast
  3635 | D:6      | Found a runed translucent door.
  3638 | D:6      | Noticed Crazy Yiuf
  3644 | D:6      | Killed Crazy Yiuf
  3716 | D:6      | XOM: medium Summ miscast
  3736 | D:6      | HP: 2/74 [small abomination[the capriciousness of Xom] (3)]
  4004 | D:7      | Reached skill level 5 in Dodging
  4031 | D:7      | XOM: divine lightning
  4035 | D:7      | XOM: noise
  4036 | D:7      | Found a staircase to the Ecumenical Temple.
  4036 | D:7      | XOM: 2-stop teleportation journey
  4043 | D:7      | XOM: medium Air miscast
  4078 | D:7      | HP: 3/74 [poison (poison gas)]
  4084 | D:7      | HP: 3/74 [poison (poison gas)]
  4337 | D:7      | XOM: god gift: hunting sling {god gift}
  4375 | D:7      | XOM: enchant monster (bad)
  4431 | D:7      | XOM: blink monster(s)
  4534 | D:7      | XOM: draining
  4537 | D:7      | XOM: fake destruction
  4576 | D:7      | Reached skill level 5 in Invocations
  4610 | D:7      | XOM: potion effect (might)
  4989 | D:7      | XOM: potion effect (agility)
  5005 | D:7      | XOM: potion effect (heal wounds)
  5020 | D:7      | XOM: silly message
  5026 | D:7      | Reached XP level 10. HP: 73/80 MP: 17/17
  5085 | D:7      | Found Yfefur's General Store.
  5102 | D:7      | Bought a scroll of identify for 24 gold pieces
  5102 | D:7      | Bought 27 bolts for 64 gold pieces
  5360 | D:8      | XOM: harmless Pois miscast
  5371 | D:8      | Reached skill level 5 in Short Blades
  5371 | D:8      | Reached skill level 5 in Long Blades
  5371 | D:8      | Reached skill level 5 in Axes
  5371 | D:8      | Reached skill level 5 in Maces & Flails
  5371 | D:8      | Reached skill level 5 in Staves
  5371 | D:8      | Reached skill level 5 in Slings
  5371 | D:8      | Reached skill level 5 in Bows
  5371 | D:8      | Reached skill level 5 in Crossbows
  5371 | D:8      | Reached skill level 5 in Throwing
  5371 | D:8      | Reached skill level 5 in Stealth
  5371 | D:8      | Reached skill level 5 in Shields
  5371 | D:8      | Reached skill level 5 in Unarmed Combat
  5371 | D:8      | Reached skill level 5 in Spellcasting
  5371 | D:8      | Reached skill level 5 in Evocations
  5397 | D:8      | XOM: harmless Pois miscast
  5565 | D:8      | XOM: harmless Ice miscast
  5687 | D:8      | XOM: enchant monster (good)
  5693 | D:8      | XOM: harmless Air miscast
  5860 | D:8      | XOM: enchant monster (good)
  5941 | D:8      | XOM: blink monster(s)
  6005 | D:8      | XOM: summons 4 hostile demons
  6172 | D:8      | XOM: fog
  6182 | D:8      | XOM: fog
  6205 | D:8      | XOM: enchant monster (good)
  6222 | D:8      | XOM: cleaving
  6232 | D:8      | XOM: divination: magic mapping
  6261 | D:8      | XOM: divination: detect creatures
  6286 | D:8      | Found a staircase to the Lair.
  6290 | D:8      | Noticed Pikel
  6290 | D:8      | XOM: divination: detect creatures
  6304 | D:8      | XOM: silly message
  6306 | D:8      | Killed Pikel
  6486 | D:8      | XOM: silly message
  6551 | D:8      | XOM: divination: detect creatures
  6578 | D:8      | XOM: scenery: 1 doors close
  6653 | D:8      | XOM: 1-stop teleportation journey
  6671 | D:8      | Learned a level 1 spell: Summon Butterflies
  6673 | D:8      | Learned a level 1 spell: Freeze
  6674 | Lair:1   | Entered Level 1 of the Lair of Beasts
  6740 | Lair:1   | Noticed an eight-headed hydra
  6746 | Lair:1   | XOM: enchant monster (good)
  6747 | Lair:1   | Noticed a spiny frog
  6751 | Lair:1   | XOM: give mutations
  6751 | Lair:1   | Gained mutation: You are resistant to hostile enchantments.
                  | (MR+) [Xom's grace]
  6751 | Lair:1   | Gained mutation: You are resistant to electric shocks.
                  | (rElec) [Xom's grace]
  6751 | Lair:1   | Gained mutation: You have sharp fingernails. [Xom's grace]
  6751 | Lair:1   | Gained mutation: You have large cloven feet. [Xom's grace]
  6778 | Lair:1   | Killed a spiny frog
  6778 | Lair:1   | Reached XP level 11. HP: 44/87 MP: 19/19
  6779 | Lair:1   | Killed an eight-headed hydra
  6782 | Lair:1   | XOM: cleaving
  6785 | Lair:1   | XOM: harmless Conj miscast
  6792 | Lair:1   | XOM: potion effect (heal wounds)
  6801 | Lair:1   | Mangled by a komodo dragon

Levels and vault maps discovered:
D:1:      minmay_arrival_glassed_features, layout_basic, minivault_4
D:2:      layout_loops_ring, chequers_serial_rivers_small_a, uniq_terence,
          uniq_natasha
D:3:      layout_rooms, minmay_strange_pillars, uniq_ijyb
D:4:      layout_gridville, first_ration
D:5:      layout_cave_pools, old_standard_altar, basic_altar,
          minmay_statues_item
D:6:      layout_loops_cross, minmay_checkerbox, uniq_crazy_yiuf_cottage,
          uniq_eustachio, uniq_menkaure
D:7:      layout_basic, minmay_temple_entry_mist, serial_shops,
          nicolae_shop_waterfront
D:8:      layout_basic, due_lair_maze_entry_diamond,
          hangedman_little_slice_of_home, uniq_pikel
Lair:1:   layout_long_grid, serial_bayou_shore_b, grunt_megastairs_5,
          serial_bayou_shore_a, uniq_nergalle, uniq_harold

Skill      XL: |  1  2  3  4  5  6  7  8  9 10 |
---------------+-------------------------------+-----
Short Blades   | 1 2 3 4 5 |  5.8
Long Blades    | 1 2 3 4 5 |  5.8
Axes           | 1 2 3 4 5 |  5.8
Maces & Flails | 1 2 3 4 5 |  5.8
Staves         | 1 2 3 4 5 |  5.8
Slings         | 1 2 3 4 5 |  5.8
Bows           | 1 2 3 4 5 |  5.8
Crossbows      | 1 2 3 4 5 |  5.8
Throwing       | 1 2 3 4 5 |  5.8
Stealth        | 1 2 3 4 5 |  5.8
Shields        | 1 2 3 4 5 |  5.8
Unarmed Combat | 1 2 3 4 5 |  5.8
Spellcasting   | 1 2 3 4 5 |  5.8
Invocations    | 1 2 3 4 5 6 |  6.4
Evocations     | 1 2 3 4 5 |  5.8
Conjurations   | 1 2 3 4 |  4.8
Hexes          | 1 2 3 4 |  4.8
Charms         | 1 2 3 4 |  4.8
Summonings     | 1 2 3 4 |  4.8
Necromancy     | 1 2 3 4 |  4.8
Translocations | 1 2 3 4 |  4.8
Transmutations | 1 2 3 4 |  4.8
Fire Magic     | 1 2 3 4 |  4.8
Ice Magic      | 1 2 3 4 |  4.8
Air Magic      | 1 2 3 4 |  4.8
Earth Magic    | 1 2 3 4 |  4.8
Poison Magic   | 1 2 3 4 |  4.8
Dodging        | 3 4 5 6 |  6.4
Armour         | 5 6 7 |  7.5
Fighting       | 7 8 |  8.9
Polearms       | 7 8 |  8.9

Action                   |  1- 3 |  4- 6 |  7- 9 | 10-12 || total
-------------------------+-------+-------+-------+-------++-------
Melee: Spear             |    67 |   228 |   411 |   332 ||  1038
       Bite              |     6 |    23 |    41 |    45 ||   115
       Punch             |       |     1 |       |       ||     1
       Dagger            |       |       |     6 |       ||     6
       Short sword       |       |       |    55 |    23 ||    78
       Flail             |       |       |     2 |    38 ||    40
       Falchion          |       |       |       |    49 ||    49
       Kick              |       |       |       |     5 ||     5
       Whip              |       |       |       |     3 ||     3
Throw: Dart              |     2 |     5 |    13 |    17 ||    37
       Boomerang         |       |       |       |    18 ||    18
 Cast: Animate Skeleton  |       |       |     1 |     2 ||     3
       Confusing Touch   |       |       |       |     3 ||     3
Evoke: Wand              |       |       |     8 |    19 ||    27
  Use: Scroll            |     2 |     5 |     9 |     5 ||    21
       Potion            |       |       |     4 |     3 ||     7
 Stab: Petrifying        |     1 |       |       |     1 ||     2
       Paralysed         |       |     2 |     1 |     2 ||     5
       Confused          |       |     1 |     5 |     1 ||     7
       Petrified         |       |       |     5 |     2 ||     7
       Distracted        |       |       |       |     1 ||     1
  Eat: Chunk             |       |     2 |    12 |     9 ||    23
Armor: Leather armour    |     6 |       |       |       ||     6
       Ring mail         |     4 |    28 |       |     4 ||    36
       Chain mail        |       |    12 |   129 |    77 ||   218
Dodge: Dodged            |    20 |    53 |    73 |    69 ||   215
Block: Shield            |       |    35 |   141 |   146 ||   322
       Rpst.: Falchion   |       |       |       |     3 ||     3

Table legend:
 A = Non-vault XP
 B = Vault XP
 C = Vault XP percentage of total XP
 D = Non-vault monster count
 E = Vault monster count
 F = Vault count percentage of total count
                 A         B        C        D         E       F
            +---------+---------+-------+---------+---------+-------
      Total |    7698 |    2484 |  24.4 |     219 |      27 |  11.0
            +---------+---------+-------+---------+---------+-------
        D:1 |      30 |       0 |   0.0 |      13 |       0 |   0.0
        D:2 |     213 |      71 |  25.0 |      26 |       2 |   7.1
        D:3 |     473 |      36 |   7.1 |      44 |       1 |   2.2
        D:4 |     590 |       0 |   0.0 |      22 |       0 |   0.0
        D:5 |     829 |       0 |   0.0 |      24 |       0 |   0.0
        D:6 |     499 |     557 |  52.7 |      10 |       6 |  37.5
        D:7 |    1670 |      66 |   3.8 |      34 |       1 |   2.9
        D:8 |    2080 |    1754 |  45.7 |      41 |      17 |  29.3
     Lair:1 |    1314 |       0 |   0.0 |       5 |       0 |   0.0
            +---------+---------+-------+---------+---------+-------
